 Dungeon Crawl Stone Soup version 0.29.0-4-gdea44cf6ec (webtiles) character file.

Game seed: 3585670989964384022

71 qw the Chopper (level 4, -1/26 HPs)
             Began as a Tengu Warper on Aug 28, 2022.
             Slain by a gnoll
             ... wielding a +0 whip
              (6 damage)
             ... on level 3 of the Dungeon.
             The game lasted 00:00:11 (2313 turns).

qw the Chopper (Tengu Warper)                       Turns: 2313, Time: 00:00:12

Health: -1/26      AC:  6    Str: 14    XL:     4   Next: 24%
Magic:  8/8        EV: 11    Int: 13    God:
Gold:   69         SH:  0    Dex: 13    Spells: 7/7 levels left

rFire   . . .      SeeInvis .   Y - +0 hand axe
rCold   + . .      Faith    .   (no shield)
rNeg    . . .      Spirit   .   c - +0 ring mail
rPois   .          Reflect  .   (helmet restricted)
rElec   .          Harm     .   h - +0 cloak
rCorr   .          Rampage  .   (no gloves)
Will    .....                   (boots unavailable)
Stlth   +.........              (no amulet)
HPRegen 0.08/turn               e - ring of protection from cold
MPRegen 0.11/turn               (no ring)

@: no status effects
A: beak, talons 3
a: no special abilities


You were on level 3 of the Dungeon.
You visited 1 branch of the dungeon, and saw 3 of its levels.

You collected 69 gold pieces.


Innate Abilities, Weirdness & Mutations

You have a beak for a mouth.
You have claws for feet.


   Skills:
 - Level 2.0 Fighting
 + Level 4.8 Axes
 - Level 1.0 Throwing
 - Level 1.1 Armour
 - Level 2.1 Dodging
 - Level 2.0 Spellcasting
 - Level 2.4 Translocations


You had 7 spell levels left.
You didn't know any spells.
Your spell library contained the following spells:

 Spells                   Type           Power      Damage    Failure   Level
 Blink                    Tloc           14%        N/A       30%         2
 Gell's Gravitas          Tloc           7%         N/A       52%         3
 Lesser Beckoning         Tloc           7%         N/A       52%         3
 Teleport Other           Tloc           7%         N/A       52%         3
 Manifold Assault         Tloc           7%         N/A       99%         5

Inventory:

Hand Weapons
 a - a +1 mace of protection
 Y - a +0 hand axe (weapon)
Missiles
 b - 2 boomerangs (quivered)
Armour
 c - a +0 ring mail (worn)
 h - a +0 cloak (worn)
Jewellery
 e - a ring of protection from cold (left hand)
Scrolls
 f - 2 scrolls of identify
Potions
 d - a potion of might
 j - a potion of cancellation

Dungeon Overview and Level Annotations

Branches:
Dungeon (3/15)

Altars:

Shops:
D:1 [


Message History

2216 ||| FLEEEEING.
There is a stone staircase leading up here.
2217 ||| STAIRDANCE You climb upwards.
There is a stone staircase leading down here.
You start resting.
HP restored.
Done exploring.
(D) Dungeon
Where to? (* - list waypoints, Enter - D:3, ? - help)
What level of the Dungeon? (default 1, ? - help)
You climb downwards.
The gnoll barely misses you. The gnoll closely misses you. x3
There is a stone staircase leading up here.
There are monsters nearby!
You hit the gnoll. Your kick misses the gnoll. Your peck misses the gnoll.
The gnoll is moderately wounded.
You hit the gnoll. You closely miss the gnoll.
The gnoll hits you with a +0 whip. The gnoll hits you with a +0 club.
The gnoll hits you with a +0 flail.
You closely miss the gnoll. You peck the gnoll.
The gnoll is severely wounded.
You closely miss the gnoll. You hit the gnoll.
The gnoll hits you with a +0 club. The gnoll misses you.
The gnoll barely misses you.
You barely miss the gnoll. You claw the gnoll.
You peck the gnoll, but do no damage.
The gnoll is severely wounded.
You barely miss the gnoll. x2
The gnoll closely misses you. The gnoll hits you with a +0 whip.
The gnoll barely misses you.
You hit the gnoll.
The gnoll is almost dead.
You barely miss the gnoll. You closely miss the gnoll.
The gnoll hits you with a +0 club. The gnoll hits you with a +0 whip.
The gnoll misses you.
You barely miss the gnoll.
The gnoll is almost dead.
You hit the gnoll. x2
The gnoll hits you but does no damage. The gnoll hits you with a +0 whip.
You die...

#+# #.# #.#
##.##
######...##
#......g..#
#.####@..####
#.#.# #gg#.....
#.....##..#.####
#.......#
####..###
#.####..#
#..%...(#
#######)# #.#


You could see 3 gnolls.

Vanquished Creatures
  A gnoll (D:3)
  2 adders (D:2)
  A worm (D:2)
  3 dart slugs
  3 bats
  5 endoplasms
  4 hobgoblins
  3 quokkas (D:2)
  3 ball pythons
  4 frilled lizards
  3 kobolds
  4 rats
36 creatures vanquished.

Notes
Turn   | Place    | Note
-------+----------+-------------------------------------------
     0 | D:1      | qw the Tengu Warper began the quest for the Orb.
     0 | D:1      | Reached XP level 1. HP: 12/12 MP: 4/4
     0 | D:1      | 0 ||| qw: Version: 0.1-a-89-g26bdef1
     0 | D:1      | 0 ||| qw: Game counter: 2161
     0 | D:1      | 0 ||| qw: Always use a shield: true
     0 | D:1      | 0 ||| qw: God list: Okawaru
     0 | D:1      | 0 ||| qw: Allow faded altars: false
     0 | D:1      | 0 ||| qw: Do Orc after D:15 true
     0 | D:1      | 0 ||| qw: Do second Lair branch before Depths: true
     0 | D:1      | 0 ||| qw: Lair rune preference: random
     0 | D:1      | 0 ||| qw: Plans: Normal
     0 | D:1      | 0 ||| PLANNING D:1-11
    80 | D:1      | Found a faded altar of an unknown god.
   206 | D:1      | Reached XP level 2. HP: 14/17 MP: 6/6
   270 | D:1      | Reached skill level 3 in Axes
   439 | D:1      | Found Cionin's Armour Boutique.
   444 | D:1      | 444 ||| SHOPLISTING +0 ring mail (48 gold, have 0).
   444 | D:1      | 444 ||| SHOPLISTING +5 plate armour of Elyvilon's Regard
                  | {Int+9} (886 gold, have 0).
   449 | D:1      | 449 ||| Stepping ~*~*~tactically~*~*~ (stealth).
  1070 | D:1      | 1070 ||| UPGRADING to ring of protection from cold.
  1071 | D:1      | 1071 ||| READING scroll labelled WADIHYOBIS.
  1072 | D:1      | 1072 ||| READING scroll labelled BOJAL QEAROPP.
  1073 | D:1      | 1073 ||| READING scroll labelled SOBRE YDOTH.
  1074 | D:1      | 1074 ||| DROPPING scroll of blinking.
  1095 | D:2      | 1095 ||| STAIRDANCE
  1165 | D:2      | 1165 ||| DROPPING +0 club.
  1217 | D:2      | Reached XP level 3. HP: 15/21 MP: 7/7
  1530 | D:2      | Reached skill level 4 in Axes
  1805 | D:2      | 1805 ||| Stepping ~*~*~tactically~*~*~ (stealth).
  2133 | D:2      | Reached XP level 4. HP: 26/26 MP: 8/8
  2135 | D:2      | 2135 ||| UPGRADING to +0 ring mail.
  2145 | D:2      | 2145 ||| DROPPING +0 leather armour.
  2146 | D:2      | 2146 ||| UPGRADING to +0 cloak.
  2151 | D:2      | 2151 ||| READING 5 scrolls of identify.
  2151 | D:2      | 2151 ||| IDENTIFYING orange potion
  2152 | D:2      | 2152 ||| READING 4 scrolls of identify.
  2152 | D:2      | 2152 ||| IDENTIFYING inky potion
  2153 | D:2      | 2153 ||| READING 3 scrolls of identify.
  2153 | D:2      | 2153 ||| IDENTIFYING black potion
  2154 | D:2      | 2154 ||| DROPPING potion of attraction.
  2211 | D:3      | 2211 ||| FLEEEEING.
  2212 | D:3      | 2212 ||| FLEEEEING.
  2213 | D:3      | 2213 ||| FLEEEEING.
  2214 | D:3      | 2214 ||| FLEEEEING.
  2215 | D:3      | 2215 ||| FLEEEEING.
  2216 | D:3      | 2216 ||| FLEEEEING.
  2217 | D:3      | 2217 ||| STAIRDANCE
  2312 | D:3      | HP: 5/26 [gnoll/+0 whip (2)]
  2313 | D:3      | Slain by a gnoll

Levels and vault maps discovered:
D:1:      dpeg_arrival_rhombus, layout_basic,
          hellmonk_ecumenical_altar_arch_garden, serial_shops, shop
D:2:      layout_basic
D:3:      layout_loops_corners

Skill      XL: |  1  2  3 |
---------------+----------+-----
Axes           | 3 4 |  4.8
Fighting       | |  2.0
Throwing       | |  1.0
Armour         | |  1.1
Dodging        | |  2.1
Spellcasting   | |  2.0
Translocations | |  2.4

Action                   |  1- 3 |  4- 6 || total
-------------------------+-------+-------++-------
Melee: Hand axe          |    75 |    10 ||    85
       Kick              |    16 |     3 ||    19
       Peck              |    11 |     4 ||    15
Throw: Boomerang         |     7 |     5 ||    12
  Use: Scroll            |     3 |     3 ||     6
Armor: Leather armour    |    15 |       ||    15
       Ring mail         |       |     2 ||     2
Dodge: Dodged            |    40 |    10 ||    50

Table legend:
 A = Non-vault XP
 B = Vault XP
 C = Vault XP percentage of total XP
 D = Non-vault monster count
 E = Vault monster count
 F = Vault count percentage of total count
                 A         B        C        D         E       F
            +---------+---------+-------+---------+---------+-------
      Total |     102 |       0 |   0.0 |      36 |       0 |   0.0
            +---------+---------+-------+---------+---------+-------
        D:1 |      31 |       0 |   0.0 |      17 |       0 |   0.0
        D:2 |      53 |       0 |   0.0 |      16 |       0 |   0.0
        D:3 |      18 |       0 |   0.0 |       3 |       0 |   0.0
            +---------+---------+-------+---------+---------+-------
